Map: Jagannatha LE

Players

Epigen - Winner!

  • Race: Terran Terran
  • League: Gold
  • Spawn Location: 1:00

Gogz

  • Race: Terran Terran
  • League: Platinum
  • Spawn Location: 7:00

VOD

Have the link to the VOD?

Description

Cheezed 3 rax?

Time

  • Played on: Feb. 14, 2021, 4:39 p.m.
  • Length: 4:38
Show
View Real Time Build Order
Export as new Build Order

Epigen Terran - Winner!

Build Orders:  

Get SALT Encoding   

  12  0:11  Supply Depot  
  12  0:15  SCV  
  13  0:27  SCV  
  14  0:50  Barracks  
  14  0:54  SCV  
  15  1:01  Supply Depot  
  15  1:04  Barracks  
  15  1:08  SCV  
  16  1:22  SCV  
  16  1:23  Supply Depot  
  17  1:39  Marine  
  18  1:50  SCV  
  18  1:52  Marine  
  20  2:00  Barracks  
  20  2:03  Marine  
  20  2:05  Barracks  
  21  2:10  Marine  
  22  2:21  Marine  
  23  2:28  Marine  
  24  2:30  Orbital Command  
  24  2:39  Marine  
  25  2:46  Marine  
  25  3:08  Marine x2  
  25  3:09  Marine x2  
  29  3:26  Marine x3  
  29  3:27  Marine  
  32  3:44  Marine x4  
  36  4:02  Marine x4  
  35  4:20  Marine x4  
Show
View Real Time Build Order
Export as new Build Order

Gogz Terran 

Build Orders:  

Get SALT Encoding   

  12  0:00  SCV  
  13  0:12  SCV  
  14  0:17  Supply Depot  
  14  0:24  SCV  
  15  0:39  SCV  
  15  0:40  Barracks  
  16  0:49  Refinery  
  16  0:51  SCV  
  17  1:04  SCV  
  18  1:16  SCV  
  19  1:28  SCV  
  20  1:42  Command Center  
  20  1:43  Barracks Reactor  
  20  1:46  Orbital Command  
  20  2:05  Supply Depot  
  20  2:13  Command Center  
  20  2:19  Marine x2  
  22  2:23  SCV  
  23  2:37  Marine, Bunker  
  23  2:38  Marine  
  23  2:43  Factory  
  25  3:02  Marine x2  
  23  3:24  Marine  
  23  3:29  Supply Depot  
  23  3:30  Supply Depot  
  23  3:46  Marine  
  23  3:51  Hellion  
  24  4:04  Marine  
  24  4:12  Hellion  
Tags
 
Matchup
TvT
Race
Terran
Spawn Locations
Cross Positions
Add a new tag
Caveats
  • Supply blocks, unpowered buildings, or Contaminate may cause inaccurate times.
  • Supply counts are checked every 10 seconds.